 Dungeon Crawl Stone Soup version 0.31.0-32-g396128a36d (webtiles) character file.

Game seed: 12888051652105931459

175 KennySheep the Sneak (level 5, 0/31 HPs)
             Began as a Deep Elf Delver on Apr 9, 2024.
             Succumbed to a scorpion's poison
             ... on level 5 of the Dungeon.
             The game lasted 00:12:39 (2198 turns).

KennySheep the Sneak (Deep Elf Delver)              Turns: 2198, Time: 00:12:39

Health: 0/31       AC:  5    Str:  7 (9)  XL:     5   Next: 29%
Magic:  11/11      EV: 13    Int: 14 (15) God:
Gold:   182        SH:  0    Dex: 18      Spells: 9/9 levels left

rFire   . . .        b - +2 dagger (elec)
rCold   . . .        (no shield)
rNeg    . . .        q - +0 leather armour
rPois   .            (no helmet)
rElec   .            l - scarf {repulsion}
rCorr   .            (no gloves)
SInv    +            (no boots)
Will    .....        h - amulet of the acrobat
Stlth   +++          (no ring)
HPRegen 0.25/turn    (no ring)
MPRegen 0.12/turn

%: repel missiles, acrobat
@: lethally poisoned (0 -> -18)
A: iridescent scales 1, see invisible
a: no special abilities


You were on level 5 of the Dungeon.
You visited 1 branch of the dungeon, and saw 5 of its levels.

You collected 197 gold pieces.
You spent 15 gold pieces at shops.

Inventory:

Hand Weapons
 a - a +0 shortbow
 b - a +2 dagger of electrocution (weapon)
 f - a +0 sling
 j - a +0 short sword
Armour
 l - a scarf of repulsion (worn)
 q - a +0 leather armour (worn)
Jewellery
 e - a ring of resist corrosion
 h - an amulet of the acrobat (around neck)
Wands
 g - a wand of digging (3)
Scrolls
 c - 2 scrolls of fog
 d - 2 scrolls of identify
 i - a scroll of immolation
 p - a scroll of teleportation


   Skills:
 - Level 2.4 Fighting
 - Level 2.0 Short Blades
 + Level 2.9 Ranged Weapons
 + Level 3.7 Dodging
 + Level 6.8 Stealth
 + Level 2.8 Spellcasting
 + Level 2.1 Necromancy


You had 9 spell levels left.
You didn't know any spells.
Your spell library contained the following spells:

 Spells                   Type           Power      Damage    Failure   Level
 Apportation              Tloc           4%         N/A       32%         1
 Cigotuvi's Dreadful Rot  Necr/Alch/Air  6%         N/A       36%         2
 Jinxbite                 Hex            4%         N/A       45%         2
 Inner Flame              Hex/Fire       2%         N/A       69%         3
 Dispel Undead            Necr           7%         3d8       80%         4
 Martyr's Knell           Necr/Summ      4%         N/A       91%         4
 Alistair's Intoxication  Alch           1%         N/A       100%        5
 Irradiate                Conj/Alch      1%         3d12      100%        5
 Death Channel            Necr           3%         N/A       100%        6
 Ignition                 Fire           1%         3d3       100%        8


Dungeon Overview and Level Annotations

Branches:
Dungeon (5/15)
 Temple: D:4-7

Altars:
Wu Jian

Shops:
D:1 (

Annotations:
D:2 Terence
D:4 Edmund


Innate Abilities, Weirdness & Mutations

You are partially covered in iridescent scales. (AC +2)
You have supernaturally acute eyesight. (SInv)


Message History

Your +2 dagger of electrocution stops crackling.
a - a +0 shortbow (weapon)
Okay, then.
No target in view!
You see here an iguana corpse.
Found 4 stones.
A scorpion comes into view.
A scorpion is nearby!
You shoot an arrow.
The arrow hits the scorpion but does no damage.
You shoot an arrow. The arrow closely misses the scorpion.
You shoot an arrow. The arrow closely misses the scorpion.
The scorpion stings you.
You are poisoned.
The scorpion poisons you! The scorpion closely misses you.
You hear the crackle of electricity.
b - a +2 dagger of electrocution (weapon)
You feel sick. The scorpion misses you.
You barely miss the scorpion.
You feel sick. The scorpion stings you.
You hit the scorpion but do no damage.
You feel sick. The scorpion stings you.
You are more poisoned.
The scorpion poisons you!
You aren't carrying any potions.
Unknown command.
Okay, then.
Okay, then.
You hit the scorpion but do no damage.
You feel sick. The scorpion barely misses you.
You closely miss the scorpion.
You feel very sick. The scorpion stings you.
* * * LOW HITPOINT WARNING * * *
You are more poisoned.
The scorpion poisons you!
You hit the scorpion but do no damage.
* * * LOW HITPOINT WARNING * * *
You feel very sick. The scorpion barely misses you.
You barely miss the scorpion.
You die...

##...##
#####
##.## #
#.# # #.#
# #†# #
#.# #.#
#.# #@#
#..s..#
#.....#
#.......
#..(..##..
#.....# .
##.....
#..####


You could see a scorpion.

Vanquished Creatures
  A centaur (D:5)
  An iguana (D:5)
  An orc wizard (D:5)
  2 dart slugs
  2 orcs (D:5)
  3 endoplasms
  A giant cockroach (D:1)
  4 goblins
  3 hobgoblins
  3 jackals
  3 quokkas
  A ball python (D:2)
  3 bats (D:1)
  3 kobolds
  8 rats (D:1)
39 creatures vanquished.

Notes
Turn   | Place    | Note
-------+----------+-------------------------------------------
     0 | D:5      | KennySheep the Deep Elf Delver began the quest for the Orb.
     0 | D:5      | Reached XP level 1. HP: 13/13 MP: 3/3
    24 | D:5      | Noticed an orc wizard
   191 | D:3      | Found an ornate altar of the Wu Jian Council.
   343 | D:2      | Reached skill level 1 in Ranged Weapons
   343 | D:2      | Reached skill level 1 in Spellcasting
   343 | D:2      | Reached XP level 2. HP: 18/18 MP: 5/5
   809 | D:1      | Found Xeuxaveg's Weapon Shop.
   971 | D:1      | Reached XP level 3. HP: 22/22 MP: 7/7
  1589 | D:2      | Noticed Terence
  1650 | D:1      | Bought a +0 sling for 15 gold pieces
  2028 | D:4      | Noticed Edmund
  2048 | D:5      | Gained mutation: You are partially covered in iridescent
                  | scales. (AC +2) [potion of mutation]
  2048 | D:5      | Gained mutation: You have supernaturally acute eyesight.
                  | (SInv) [potion of mutation]
  2052 | D:5      | Noticed a centaur
  2084 | D:5      | Killed a centaur
  2085 | D:5      | Reached skill level 1 in Necromancy
  2085 | D:5      | Reached XP level 4. HP: 26/27 MP: 7/9
  2096 | D:5      | Reached XP level 5. HP: 30/31 MP: 8/11
  2198 | D:5      | Succumbed to a scorpion's poison

Illustrated notes

Levels and vault maps discovered:
D:1:      lightli_iron_boxes, layout_loops_ring, serial_shops,
          nicolae_shop_tiny_real_fake_doors, minmay_rat_gold_closets
D:2:      layout_loops_ring, chequers_big_river, uniq_terence
D:3:      layout_basic, nzn_wu_jian_council_hall, corexii_corridor_pit,
          uniq_jessica
D:4:      layout_gridville, mainiacjoe_overflow_alcove_1,
          mainiacjoe_overflow_catch_the_wave, uniq_duvessa, uniq_edmund
D:5:      layout_loops_ring, minmay_temple_entry_glass

Skill      XL: |  1  2  3  4  5 |
---------------+----------------+-----
Ranged Weapons | 1 2 |  2.9
Spellcasting   | 1 2 |  2.8
Dodging        | 3 |  3.7
Necromancy     | 1 2 |  2.1
Fighting       | |  2.4
Short Blades   | |  2.0
Stealth        | |  6.8

Action                     |  1- 3 |  4- 6 || total
---------------------------+-------+-------++-------
  Melee: Short sword       |   100 |     4 ||   104
         Punch             |     2 |       ||     2
         Dagger            |       |     7 ||     7
   Fire: Sling             |    31 |       ||    31
         Shortbow          |       |    15 ||    15
    Use: Scroll            |     4 |       ||     4
         Potion            |     8 |       ||     8
   Stab: Sleeping          |    11 |       ||    11
         Invisible         |     1 |       ||     1
 Armour: Leather armour    |    58 |     7 ||    65
         Skin              |     9 |       ||     9
  Dodge: Dodged            |    61 |     7 ||    68
